Construct Infanterie Kompanie
Selects Mechanized Battlegroup
Construct Panzergrenadier Kompanie
Pak 40 Anti-tank Gun Team
Selects Mobile Repair Stations
Infanterie Officer Quarters
Selects Wespe Self-propelled Artillery
Selects Zeroing Artillery Barrage
Panzergrenadier Officer Quarters
Construct Panzer Kompanie
Zeroing Artillery Barrage
Selects 8 Rad Armored Car
Selects UNKNOWN (2160084)
Zeroing Artillery Barrage
Zeroing Artillery Barrage